 Seeded DCSS version 0.29-a0-392-g297d3b089c (webtiles) character file.

Game seed: 62572 (custom seed)

75 Psyclone the Chiller (level 4, -3/27 HPs)
             Began as an Octopode Ice Elementalist on May 8, 2022.
             Slain by Grinder (11 damage)
             ... on level 3 of the Dungeon on May 9, 2022.
             The game lasted 00:05:21 (2959 turns).

Psyclone the Chiller (Octopode Ice Elementalist)    Turns: 2959, Time: 00:05:22

Health: -3/27      AC:  1    Str:  6 (7)  XL:     4   Next: 31%
Magic:  3/7        EV: 13    Int: 16 (19) God:
Gold:   83         SH:  0    Dex:  9 (12) Spells: 0/7 levels left

rFire   . . .      SeeInvis .   a - +0 dagger
rCold   . . .      Faith    .   (no shield)
rNeg    . . .      Spirit   .   (helmet restricted)
rPois   .          Reflect  .   (no amulet)
rElec   .          Harm     .   f - ring of resist corrosion
rCorr   +          Rampage  .   (no ring)
Will    .....                   (no ring)
Stlth   +++.......              (no ring)
HPRegen 0.09/turn               (no ring)
MPRegen 0.10/turn               (no ring)
                                (no ring)
                                (no ring)

@: flying (expiring)
A: almost no armour, amphibious, 8 rings, camouflage 1, gelatinous body 1,
(nimble swimmer 1), tentacles
a: no special abilities


You were on level 3 of the Dungeon.
You visited 1 branch of the dungeon, and saw 3 of its levels.

You collected 83 gold pieces.

Inventory:

Hand Weapons
 a - a +0 dagger (weapon)
Missiles
 h - 2 silver javelins (quivered)
Jewellery
 f - a ring of resist corrosion (left tentacle)
Scrolls
 c - a scroll of magic mapping
 e - 2 scrolls of poison
 g - a scroll of brand weapon
 i - a scroll of vulnerability
 k - a scroll of fog
Potions
 b - a potion of magic
 d - a potion of brilliance


   Skills:
 - Level 2.0 Dodging
 - Level 2.6 Stealth
 - Level 2.0 Spellcasting
 + Level 5.7 Ice Magic


You couldn't memorise any spells.
You knew the following spells:

 Your Spells              Type           Power      Damage    Failure   Level
a - Freeze                Ice            76%        1d9       1%          1
b - Frozen Ramparts       Ice            38%        1d5       6%          3
c - Ozocubu's Armour      Ice            19%        N/A       6%          3

Your spell library contained the following spells:

 Spells                   Type           Power      Damage    Failure   Level
 Foxfire                  Conj/Fire      4%         2x1d4     21%         1
 Magic Dart               Conj           4%         1d3       21%         1
 Blink                    Tloc           2%         N/A       30%         2
 Searing Ray              Conj           2%         2d4       30%         2
 Conjure Flame            Conj/Fire      1%         6-21      52%         3
 Inner Flame              Hex/Fire       1%         N/A       52%         3
 Hailstorm                Conj/Ice       10%        3d5       54%         4
 Flame Wave               Conj/Fire      1%         2d4       90%         4
 Fulminant Prism          Conj/Hex       0%         3d6       90%         4
 Manifold Assault         Tloc           1%         N/A       99%         5
 Storm Form               Tmut/Air       0%         N/A       100%        7


Dungeon Overview and Level Annotations

Branches:
Dungeon (3/15)

Altars:

Annotations:
D:3 Grinder


Innate Abilities, Weirdness & Mutations

You cannot wear most types of armour.
You are amphibious.
You can wear up to eight rings at the same time.
Your skin changes colour to match your surroundings (Stealth+).
Your rubbery body absorbs attacks. (AC +1, EV +1)
((You are camouflaged when in or above water. (Stealth+)))
You have tentacles for arms and can constrict up to eight enemies at once.


Message History

A stone staircase leading up.
The walls around you are covered in ice.
Grinder completely resists.
The wall freezes Grinder but does no damage.
Grinder completely misses you.
You now have 2/7 mp.
You closely miss Grinder. You grab Grinder. You constrict Grinder.
Grinder resists.
The wall freezes Grinder.
Grinder gestures at you. Pain shoots through your body!
You take 3 damage, and have 14/27 hp.
You hit Grinder but do no damage. You squeeze Grinder.
Grinder is lightly wounded.
You constrict Grinder.
Grinder completely resists.
The wall freezes Grinder but does no damage.
Grinder hits you.
You writhe in agony.
* * * LOW HITPOINT WARNING * * *
You take 6 damage, and have 8/27 hp.
MASSIVE DAMAGE!!
You hit Grinder.
Grinder is moderately wounded.
You are starting to lose your buoyancy.
You constrict Grinder.
Grinder completely resists.
The wall freezes Grinder but does no damage.
Grinder grins, showing sharp teeth.
Grinder closely misses you.
You hit Grinder but do no damage.
Grinder is moderately wounded.
You constrict Grinder.
Grinder completely resists.
The wall freezes Grinder but does no damage.
Grinder gestures at you.
You barely resist. You hit Grinder but do no damage.
Grinder is moderately wounded.
You constrict Grinder.
Grinder completely resists.
The wall freezes Grinder but does no damage.
Grinder barely misses you.
You hit Grinder. You squeeze Grinder.
Grinder is heavily wounded.
The frozen ramparts melt away.
You constrict Grinder. Grinder hits you!
You die...

.## #.#....##.# ....
#...#..##.#
#..##†##..###.###
#....).#.####...###
#.###.......###...##
#..............#
##.......#######
#####......#
#######.@5......##
................#
#######.........#
###########


You could see Grinder.

Vanquished Creatures
  An adder (D:3)
  An orc (D:3)
  5 ball pythons
  7 endoplasms
  3 giant cockroaches
  6 goblins
  5 hobgoblins
  3 jackals (D:2)
  8 kobolds
  4 quokkas
  4 bats (D:2)
  A frilled lizard (D:1)
  9 rats
57 creatures vanquished.

Vanquished Creatures (others)
  5 toadstools (D:1)
5 creatures vanquished.

Grand Total: 62 creatures vanquished

Notes
Turn   | Place    | Note
-------+----------+-------------------------------------------
     0 | D:1      | Psyclone the Octopode Ice Elementalist began the quest for
                  | the Orb.
     0 | D:1      | Reached XP level 1. HP: 11/11 MP: 3/3
   204 | D:1      | Reached XP level 2. HP: 17/17 MP: 5/5
   961 | D:1      | Reached XP level 3. HP: 18/21 MP: 6/6
   965 | D:1      | Learned a level 3 spell: Frozen Ramparts
  1221 | D:2      | Reached skill level 5 in Ice Magic
  2025 | D:2      | Reached XP level 4. HP: 27/27 MP: 7/7
  2637 | D:3      | Learned a level 3 spell: Ozocubu's Armour
  2892 | D:3      | Noticed Grinder
  2897 | D:3      | Paralysed by Grinder for 4 turns
  2911 | D:3      | Paralysed by Grinder for 2 turns
  2923 | D:3      | Paralysed by Grinder for 5 turns
  2944 | D:3      | Paralysed by Grinder for 2 turns
  2959 | D:3      | Slain by Grinder

Illustrated notes

Levels and vault maps discovered:
D:1:      ldierk_walled_garden, layout_basic
D:2:      layout_loops_corners, minmay_between
D:3:      layout_rooms, serial_shops, shop, uniq_grinder

Skill      XL: |  1  2  3 |
---------------+----------+-----
Ice Magic      | 5 |  5.7
Dodging        | |  2.0
Stealth        | |  2.6
Spellcasting   | |  2.0

Action                   |  1- 3 |  4- 6 || total
-------------------------+-------+-------++-------
Melee: Dagger            |    87 |    16 ||   103
       Constrict         |    20 |     6 ||    26
       Tentacles         |    17 |     7 ||    24
       Punch             |     1 |       ||     1
 Cast: Freeze            |     4 |       ||     4
       Frozen Ramparts   |     1 |     3 ||     4
       Ozocubu's Armour  |       |     1 ||     1
  Use: Scroll            |     2 |     4 ||     6
       Potion            |       |     6 ||     6
 Stab: Sleeping          |    11 |     1 ||    12
Armor: Skin              |     8 |     7 ||    15
Dodge: Dodged            |    52 |    12 ||    64

Table legend: (Time is in decaauts)
 A = Elapsed time spent in this place.
 B = Non-inter-level travel time spent in this place.
 C = Inter-level travel time spent in this place.
 D = Time resting spent in this place.
 E = Time spent auto-exploring this place.
 F = Levels seen in this place.
 G = Mean time per level.
                   A        B        C        D        E       F      G
               +--------+--------+--------+--------+--------+-----+--------+
         Total |   2968 |   2896 |     72 |    374 |   2023 |   3 |  989.3 |
       Dungeon |   2968 |   2896 |     72 |    374 |   2023 |   3 |  989.3 |
               +--------+--------+--------+--------+--------+-----+--------+

Top non-repeatable levels by time:
     D:2: 1436 daAuts
     D:1: 1201 daAuts
     D:3: 330 daAuts
